 Dungeon Sprint DCSS version 0.30-a0-29-g142975f185 (webtiles) character file.

Game seed: 1047630227298184084

226 enile the Fighter (level 5, -1/58 HPs)
             Began as a Minotaur Monk on Aug 27, 2022.
             Was a Believer of Okawaru.
             Slain by a howler monkey (3 damage)
             ... in the Dungeon (Sprint IX: "|||||||||||||||||||||||||||||").
             The game lasted 00:01:28 (354 turns).

enile the Fighter (Minotaur Monk)                    Turns: 354, Time: 00:01:29

Health: -1/58      AC:  8    Str: 18    XL:     5   Next: 69%
Magic:  4/4        EV: 11    Int:  7    God:    Okawaru [**....]
Gold:   0          SH:  0    Dex: 18    Spells: 4/4 levels left

rFire   . . .      SeeInvis .    l - +2 dire flail (protect)
rCold   . . .      Faith    .    (shield currently unavailable)
rNeg    . . .      Spirit   .    q - +1 scale mail
rPois   .          Reflect  .    (helmet restricted)
rElec   .          Harm     .    (no cloak)
rCorr   .          Rampage  .    (no gloves)
Will    .....      NoTele   +    (no boots)
Stlth   +.........               (no amulet)
HPRegen 0.19/turn                r - +3 ring of dexterity
MPRegen 0.09/turn                s - +3 ring of dexterity

@: no status effects
A: horns 2, retaliatory headbutt
a: Renounce Religion, Heroism


You were in the Dungeon.
You worshipped Okawaru.
Okawaru was pleased with you.
You visited 1 branch

Inventory:

Hand Weapons
 a - a +0 mace
 l - a +2 dire flail of protection (weapon)
 m - a +0 lajatang
 n - the +2 rapier "Toruehe" {vamp, rPois rN+ Will+ Int-3}
   (You found it in the Dungeon)

   It occasionally heals its wielder for a portion of the damage dealt when it
   wounds a living foe.
   Int:       It affects your intelligence (-3).
   rPois:     It protects you from poison.
   rN:        It protects you from negative energy.
   Will:      It increases your willpower.
Armour
 b - a +0 robe
 o - a +0 helmet
 p - a +0 pair of gloves
 q - a +1 scale mail (worn)
Jewellery
 r - a +3 ring of dexterity (left hand)
 s - a +3 ring of dexterity (right hand)
Wands
 k - a wand of roots (7)
Scrolls
 j - 2 scrolls of amnesia
Potions
 d - 4 potions of curing
 e - 2 potions of heal wounds
 f - a potion of haste
 g - 4 potions of magic
 h - a potion of invisibility


   Skills:
 - Level 10.0 Fighting
 - Level 10.0 Maces & Flails
 + Level 5.2 Armour
 - Level 3.2 Dodging
 - Level 1.5 Stealth


You had 4 spell levels left.
You didn't know any spells.
Your spell library was empty.

Dungeon Overview and Level Annotations

Branches:
Dungeon (1/1)

Altars:
Cheibriados
Dithmenos
Elyvilon
Fedhas
Gozag
Hepliaklqana
Kikubaaqudgha
Makhleb
Nemelex Xobeh
Okawaru
Qazlal
Ru
Sif Muna
Trog
Uskayaw
Vehumet
Wu Jian
Xom
Yredelemnul
Zin
The Shining One
Jiyva
Lugonu


Innate Abilities, Weirdness & Mutations

You have a pair of horns on your head.
You reflexively headbutt those who attack you in melee.


Message History

The two-headed ogre struggles to escape constriction.
You feel much better.
The grasping roots constrict the two-headed ogre!
The grasping roots constrict the orc warrior.
The roots release their grip on the two-headed ogre.
The roots release their grip on the orc warrior.
Aiming: Fastroot
Press: ? - help, Shift-Dir - straight line, f/p - two-headed ogre
Aim: a two-headed ogre, wielding a +0 giant spiked club and a +0 giant club (lightly wounded)
The roots erupt in riotous growth!
Roots grab the two-headed ogre.
Roots grab the orc warrior.
The grasping roots constrict the two-headed ogre.
The grasping roots constrict the orc warrior, but do no damage.
The two-headed ogre struggles to escape constriction.
You are confused.
You feel invigorated.
The grasping roots constrict the two-headed ogre.
The grasping roots constrict the orc warrior.
The roots release their grip on the two-headed ogre.
The roots release their grip on the orc warrior.
You are too confused!
You're too confused to move!
You feel better.
You feel less invigorated.
The two-headed ogre hits you with a +0 giant spiked club!!
Ouch! That really hurt!
* * * LOW HITPOINT WARNING * * *
The two-headed ogre hits you with a +0 giant club!
* * * LOW HITPOINT WARNING * * *
Blink to where?
Press: ? - help, Dir - move target, p - two-headed ogre
As you read the scroll of blinking, it crumbles to dust.
The yak bellows!
The howler monkey howls!
The howler monkey hoots and howls with incredible vigour!
There is an open door, spattered with blood here.
The howler monkey hits you.
* * * LOW HITPOINT WARNING * * *
The howler monkey completely misses you.
You see here a hound skeleton.
You close the door.
The howler monkey hits you.
You die...

▓_▓
▓_▓
▓_▓
▓'▓
▓.▓
▓.▓
▓Y▓
▓h▓
▓@▓
▓+▓
▓.▓
▓Y▓
▓.▓
▓o▓
▓O▓
▓'▓
▓.▓


You could see a yak and a howler monkey (catching breath).

Vanquished Creatures
  An orc warrior (D)
  A phantom (D)
  A hound (D)
  An adder (D)
  2 ufetubi (D)
  A goblin (D)
  A jackal (D)
  A quokka (D)
  A ball python (D)
  A bat (D)
11 creatures vanquished.

Notes
Turn   | Place    | Note
-------+----------+-------------------------------------------
     0 | D        | enile the Minotaur Monk began the quest for the Orb.
     0 | D        | Reached XP level 1. HP: 19/19 MP: 0/0
    12 | D        | Reached skill level 5 in Fighting
   100 | D        | Noticed a phantom
   100 | D        | Noticed a hound
   104 | D        | Killed a hound
   105 | D        | Reached XP level 2. HP: 36/36 MP: 1/1
   105 | D        | Reached XP level 3. HP: 41/41 MP: 2/2
   113 | D        | Killed a phantom
   114 | D        | Reached skill level 10 in Fighting
   114 | D        | Reached XP level 4. HP: 45/51 MP: 3/3
   223 | D        | Found a snail-covered altar of Cheibriados.
   223 | D        | Found a shadowy altar of Dithmenos.
   223 | D        | Found a white marble altar of Elyvilon.
   223 | D        | Found a blossoming altar of Fedhas.
   223 | D        | Found an opulent altar of Gozag.
   224 | D        | Found a hazy altar of Hepliaklqana.
   225 | D        | Found a viscous altar of Jiyva.
   226 | D        | Found an ancient bone altar of Kikubaaqudgha.
   227 | D        | Found a corrupted altar of Lugonu.
   228 | D        | Found a burning altar of Makhleb.
   229 | D        | Found a sparkling altar of Nemelex Xobeh.
   230 | D        | Found an iron altar of Okawaru.
   231 | D        | Found a stormy altar of Qazlal.
   232 | D        | Found a sacrificial altar of Ru.
   233 | D        | Found a shimmering blue altar of Sif Muna.
   234 | D        | Found a bloodstained altar of Trog.
   235 | D        | Found a hide-covered altar of Uskayaw.
   236 | D        | Found a radiant altar of Vehumet.
   237 | D        | Found an ornate altar of the Wu Jian Council.
   238 | D        | Found a shimmering altar of Xom.
   239 | D        | Found a basalt altar of Yredelemnul.
   240 | D        | Found a glowing silver altar of Zin.
   241 | D        | Found a glowing golden altar of the Shining One.
   246 | D        | Became a worshipper of Warmaster Okawaru
   246 | D        | Reached * piety under Okawaru
   246 | D        | Reached ** piety under Okawaru
   266 | D        | Got the +2 rapier "Toruehe" {vamp, rPois rN+ Will+ Int-3}
   291 | D        | Noticed a yak
   291 | D        | Noticed a yak
   291 | D        | Noticed a two-headed ogre
   291 | D        | Noticed an orc warrior
   291 | D        | Noticed an orc warrior
   296 | D        | Killed an orc warrior
   297 | D        | Reached skill level 10 in Maces & Flails
   297 | D        | Reached skill level 5 in Armour
   297 | D        | Reached XP level 5. HP: 40/58 MP: 4/4
   350 | D        | HP: 2/58 [two-headed ogre/+0 giant spiked club (12)]
   354 | D        | Slain by a howler monkey

Illustrated notes

Levels and vault maps discovered:
D:        linesprint [early_d, line_temple, items_1, d_10, items_2, lair_1,
          lair_end, items_3, orc_1, orc_end, items_4, d_15, swamp_1, shoals_1,
          snake_1, spider_1, d_20, vaults_1, items_5, swamp_end, shoals_end,
          snake_end, spider_end, vaults_end, d_27, items_6, zot_1, zot_end,
          crypt_end, forest_end, elf_end, slime_end, tomb_end, abyss_end,
          pan_hell_end]

Skill      XL: |  1  2  3  4 |
---------------+-------------+-----
Fighting       | 8 10 | 10.0
Maces & Flails | 7 10 | 10.0
Armour         | 5 |  5.2
Dodging        | |  3.2
Stealth        | |  1.5

Action                   |  1- 3 |  4- 6 || total
-------------------------+-------+-------++-------
Melee: Mace              |    20 |     3 ||    23
       Headbutt          |     5 |     2 ||     7
       Dire flail        |       |     5 ||     5
Evoke: Wand              |       |     3 ||     3
  Use: Potion            |     1 |     3 ||     4
       Scroll            |       |     2 ||     2
Armor: Robe              |     5 |       ||     5
       Scale mail        |       |     1 ||     1
Dodge: Dodged            |    14 |     4 ||    18

Table legend: (Time is in decaauts)
 A = Elapsed time spent in this place.
 B = Non-inter-level travel time spent in this place.
 C = Inter-level travel time spent in this place.
 D = Time resting spent in this place.
 E = Time spent auto-exploring this place.
 F = Levels seen in this place.
 G = Mean time per level.
                   A        B        C        D        E       F      G
               +--------+--------+--------+--------+--------+-----+--------+
         Total |    364 |    364 |      0 |     50 |    150 |   1 |  364.0 |
       Dungeon |    364 |    364 |      0 |     50 |    150 |   1 |  364.0 |
               +--------+--------+--------+--------+--------+-----+--------+

Top non-repeatable levels by time:
       D: 364 daAuts
